 Dungeon Crawl Stone Soup version 0.21-a0-270-g8204059 (webtiles) character file.

29519 Lavandula the Basher (level 13, -4/111 HPs)
             Began as a Ghoul Warper on Sept 14, 2017.
             Was an Elder of Makhleb.
             Slain by a salamander
             ... wielding a +0 spear
              (8 damage)
             ... in a volcano.
             The game lasted 01:31:27 (10855 turns).

Lavandula the Basher (Ghoul Warper)                Turns: 10855, Time: 01:31:28

Health: -4/111     AC: 11    Str: 16    XL:     13   Next: 45%
Magic:  11/19      EV: 14    Int: 10    God:    Makhleb [****..]
Gold:   480        SH:  0    Dex: 14    Spells: 7/22 levels left

rFire    . . .     SeeInvis +   G - +11 whip of Feuczeta {slash, rElec Dex+4}
rCold    + + +     Gourm    .   (no shield)
rNeg     + + +     Faith    .   W - +3 leather armour {rC+}
rPois    ∞         Spirit   .   c - +1 helmet {SInv}
rElec    +         Reflect  .   J - +0 cloak
rCorr    .         Harm     .   L - +0 pair of gloves
MR       .....                  o - +0 pair of boots
Stlth    +.........             D - amulet of regeneration
HPRegen  0.00/turn              v - ring of see invisible
MPRegen  0.16/turn              U - ring of protection from cold

@: rotting
A: rotting body, claws 1, carnivore 3, cold resistance 1, negative energy
resistance 3, inhibited regeneration, torment resistance, unbreathing
a: Minor Destruction, Lesser Servant of Makhleb, Major Destruction, Renounce
Religion


You were in a volcano.
You worshipped Makhleb.
Makhleb was greatly pleased with you.
You were not hungry.

You visited 4 branches of the dungeon, and saw 19 of its levels.
You also visited: Ossuary and Volcano.

You collected 1506 gold pieces.
You spent 1026 gold pieces at shops.

Inventory:

Hand Weapons
 e - a +0 whip of electrocution
 q - the +8 spear of the Warrior {venom, -Tele rF++ Dex+3}
   (You took it off an orc on level 4 of the Dungeon)

   It poisons the flesh of those it strikes.
   It affects your dexterity (+3).
   It greatly protects you from fire.
   It prevents most forms of teleportation.
 G - the +11 whip of Feuczeta (weapon) {slash, rElec Dex+4}
   (You found it on level 6 of the Dungeon)

   It inflicts extra damage upon your enemies.
   It affects your dexterity (+4).
   It insulates you from electricity.
Missiles
 d - 3 tomahawks of dispersal
 r - 12 javelins (quivered)
Armour
 c - a +1 helmet of see invisible (worn)
 o - a +0 pair of boots (worn)
 J - a +0 cloak (worn)
 L - a +0 pair of gloves (worn)
 V - a +1 robe of magic resistance
 W - a +3 leather armour of cold resistance (worn)
Jewellery
 v - a ring of see invisible (left hand)
 D - an amulet of regeneration (around neck)
 U - a ring of protection from cold (right hand)
Wands
 a - a wand of polymorph (13/24)
 j - a wand of disintegration (5/24)
 m - a wand of flame (33/48)
 u - a wand of flame (28/48)
 x - a wand of enslavement (4/24)
 M - a wand of random effects (16/48)
 N - a wand of enslavement (13/24)
 R - a wand of flame (13/48)
 S - a wand of confusion (7/48)
 T - a wand of scattershot (2/9)
Scrolls
 h - 2 scrolls of recharging
 k - 5 scrolls of teleportation
 n - a scroll of fear
 w - 4 scrolls of remove curse
 C - 2 scrolls of amnesia
 P - 2 scrolls of enchant weapon
 X - a scroll of immolation
 Y - a scroll of summoning
Potions
 g - 3 potions of brilliance
 i - 4 potions of haste
 p - 2 potions of agility
 s - 4 potions of invisibility
 t - 6 potions of curing
 z - 7 potions of flight
 B - 2 potions of might
 E - a potion of berserk rage {unknown}
 F - 2 potions of ambrosia
 H - 2 potions of resistance
 O - 4 potions of cancellation
 Z - 2 potions of heal wounds
Books
 b - a book of Spatial Translocations

   Spells                             Type                      Level
   a - Blink                          Translocation                2
   b - Shroud of Golubria             Charms/Translocation         2
   c - Lesser Beckoning               Translocation                3
   d - Gell's Gravitas                Translocation                3
   e - Teleport Other                 Translocation                3
   f - Passage of Golubria            Translocation                4
 y - a book of Unlife

   Spells                             Type                      Level
   a - Recall                         Summoning/Translocation      3
   b - Animate Dead                   Necromancy                   4
   c - Control Undead                 Necromancy                   4
   d - Cigotuvi's Embrace             Necromancy                   5
   e - Death Channel                  Necromancy                   6
   f - Simulacrum                     Ice/Necromancy               6
 K - a book of Debilitation

   Spells                             Type                      Level
   a - Corona                         Hexes                        1
   b - Slow                           Hexes                        2
   c - Inner Flame                    Hexes/Fire                   3
   d - Portal Projectile              Hexes/Translocation          3
   e - Cause Fear                     Hexes                        4
   f - Leda's Liquefaction            Hexes/Earth                  4
 Q - a book of Clouds

   Spells                             Type                      Level
   a - Poisonous Vapours              Poison/Air                   2
   b - Mephitic Cloud                 Conjuration/Poison/Air       3
   c - Conjure Flame                  Conjuration/Fire             3
   d - Freezing Cloud                 Conjuration/Ice/Air          6
   e - Ring of Flames                 Charms/Fire                  7
Comestibles
 f - 7 meat rations
 l - 4 royal jellies
 A - 14 chunks of flesh


   Skills:
 - Level 9.4 Fighting
 - Level 12.1 Maces & Flails
 - Level 0.8 Throwing
 - Level 0.8 Armour
 - Level 5.1 Dodging
 - Level 2.1 Unarmed Combat
 - Level 5.1 Spellcasting
 - Level 4.8 Conjurations
 + Level 5.4 Necromancy
 - Level 8.0 Translocations
 - Level 3.2 Air Magic
 - Level 2.2 Poison Magic
 - Level 4.0 Invocations
 - Level 5.1 Evocations


You had 7 spell levels left.
You knew the following spells:

 Your Spells              Type           Power        Failure   Level  Hunger
a - Blink                 Tloc           N/A          1%          2    ##.....
b - Shroud of Golubria    Chrm/Tloc      ##........   9%          2    ##.....
c - Mephitic Cloud        Conj/Pois/Air  #.......     21%         3    ###....
d - Passage of Golubria   Tloc           N/A          10%         4    ####...
e - Animate Dead          Necr           N/A          28%         4    ####...


Dungeon Overview and Level Annotations

Branches:
Dungeon (13/15)            Temple (1/1) D:7            Lair (3/6) D:8
 Spider (0/4) Lair:2          Orc (2/2) D:10
  Swamp: Lair:2-4    Shoals: Lair:2-4       Elf: Orc:2       Vaults: D:13-14

Altars:
Ashenzari
Cheibriados
Dithmenos
Elyvilon
Gozag
Hepliaklqana
Makhleb
Nemelex Xobeh
Okawaru
Qazlal
Ru
Sif Muna
Trog
Wu Jian
Xom
Yredelemnul
Beogh

Shops:
D:10 [   Orc:2 %:!?[

Annotations:
D:6 Sigmund
D:8 loom's ghost, novice DrFE
D:10 Snorg; Urug


Innate Abilities, Weirdness & Mutations

Your body is rotting away.
You thrive on raw meat.
You are immune to poison.
You have sharp fingernails.
You are carnivorous and can eat meat at any time.
Your flesh is cold resistant. (rC+)
You are immune to negative energy. (rN+++)
You do not regenerate when monsters are visible.
You are immune to unholy pain and torment.
You can survive without breathing.


Message History

The salamander hits you from afar with a halberd of chopping.
You are engulfed in flames!
The salamander enters the passage of Golubria.
Unknown command.
Okay, then.
Eat one of 14 chunks of flesh? (ye/n/q)
Okay, then.
As you read the scroll of teleportation, it crumbles to dust.
You feel strangely unstable.
The salamander hits you from afar with a spear.
* * * LOW HITPOINT WARNING * * *
You are engulfed in flames!
* * * LOW HITPOINT WARNING * * *
Your surroundings seem slightly different.
The salamander hits you from afar with a spear.
* * * LOW HITPOINT WARNING * * *
You are engulfed in flames!
* * * LOW HITPOINT WARNING * * *
The salamander hits you with a spear!
You die...

#≈§≈≈≈.....≈≈≈≈≈§#
##§≈≈≈8.).8≈§§≈≈≈#
###≈§.....≈§§≈≈#
#§§...N§≈≈≈###
##§8...8≈≈≈#
##.....####
#.NN..# #8.N.8#
#...@.# #.....#
#8.§.8# #.....#
#.....# #8...8#
#.....# #.....#
#8.∩.8#


You could see 4 salamanders.

Vanquished Creatures
  The ghost of skelma the Bludgeoner, a journeyman DsBe of Trog (Orc:2)
  The ghost of soonmide the Carver, a journeyman HuAr of the Shining One (Volcano)
  A two-headed ogre (Orc:1)
  A hell knight (Volcano)
  5 orc high priests
  A skeletal warrior (D:11)
  A salamander mystic (Volcano)
  2 unseen horrors
  An orc knight (Orc:2)
  A cyclops (D:12)
  A deep elf mage (D:12)
  3 orc sorcerers
  An ugly thing (D:11)
  A manticore (D:10)
  Maurice (Orc:2)
  A black mamba (Lair:3)
  3 spiny frogs
  3 komodo dragons
  A hornet (D:10)
  Grinder (D:3)
  4 blink frogs
  3 hippogriffs
  5 yaks (Lair:3)
  2 wyverns
  2 vampire mosquitoes (D:12)
  2 hungry ghosts
  A basilisk (Lair:3)
  Menkaure (D:5)
  3 wargs
  5 water moccasins
  3 porcupines
  A sky beast (D:11)
  30 orc warriors
  An eye of draining (D:11)
  An ice beast (D:10)
  3 phantoms
  2 black bears
  5 ogres
  5 wolves
  12 centaurs
  6 crocodiles
  3 big kobolds
  7 bullfrogs
  A wyvern zombie (D:13)
  4 water moccasin zombies (Ossuary)
  A wyvern skeleton (D:10)
  4 scorpions
  A water moccasin skeleton (D:5)
  7 wights
  5 howler monkeys
  2 bullfrog zombies
  5 crimson imps
  A centaur zombie (D:8)
  5 hounds
  A jelly (D:6)
  Crazy Yiuf (D:3)
  22 orc priests
  A bullfrog skeleton (D:5)
  A gnoll shaman (D:8)
  14 orc wizards
  2 centaur skeletons
  2 iguanas
  7 worker ants
  Ijyb (D:4)
  3 big kobold zombies (Ossuary)
  A hound zombie (D:6)
  3 mummies
  4 gnolls (D:8)
  8 adders
  2 shadow imps
  An ooze (D:6)
  6 adder zombies
  An adder skeleton (D:5)
  2 worms
  A dart slug (D:2)
  6 leopard geckos
  68 orcs
  6 giant cockroaches
  3 gnoll zombies (Ossuary)
  2 goblins (D:2)
  3 hobgoblins
  12 jackals
  3 quokkas
  2 frilled lizards
  3 hobgoblin zombies (Ossuary)
  21 kobolds
  7 kobold zombies (Ossuary)
  A leopard gecko skeleton (D:6)
  5 orc zombies (Ossuary)
  2 rats (D:3)
  A plant (D:8)
403 creatures vanquished.

Vanquished Creatures (collateral kills)
  2 orc high priests
  5 orc knights
  A troll (D:12)
  5 orc warriors (Orc:2)
  3 orc priests (Orc:2)
  An orc wizard (Orc:2)
  7 orcs (Orc:2)
24 creatures vanquished.

Vanquished Creatures (others)
  An orc knight (Orc:2)
  An orc warrior (D:10)
  A hobgoblin zombie (Ossuary)
  An orc zombie (Ossuary)
  2 fungi
6 creatures vanquished.

Grand Total: 433 creatures vanquished

Notes
Turn   | Place    | Note
-------+----------+-------------------------------------------
     0 | D:1      | Lavandula the Ghoul Warper began the quest for the Orb.
     0 | D:1      | Reached XP level 1. HP: 17/17 MP: 2/2
   342 | D:2      | Reached skill level 1 in Maces & Flails
   416 | D:2      | Reached XP level 2. HP: 16/22 MP: 3/3
   464 | D:2      | Reached skill level 2 in Maces & Flails
   464 | D:2      | Reached XP level 3. HP: 8/27 MP: 4/4
   612 | D:1      | Learned a level 2 spell: Blink
   615 | D:1      | Learned a level 2 spell: Shroud of Golubria
   929 | D:3      | Reached skill level 3 in Maces & Flails
   975 | D:3      | Noticed Grinder
   979 | D:3      | Paralysed by Grinder for 2 turns
   986 | D:3      | Paralysed by Grinder for 7 turns
   998 | D:3      | Killed Grinder
   998 | D:3      | Reached skill level 5 in Maces & Flails
   998 | D:3      | Reached XP level 4. HP: 20/35 MP: 1/5
   998 | D:3      | Reached XP level 5. HP: 22/40 MP: 1/6
   998 | D:3      | Reached XP level 6. HP: 27/47 MP: 1/7
  1124 | D:4      | HP: 2/48 [hound (1)]
  1283 | D:4      | Noticed Ijyb
  1300 | D:4      | Killed Ijyb
  1319 | D:4      | Reached skill level 6 in Maces & Flails
  1319 | D:4      | Reached XP level 7. HP: 55/55 MP: 8/8
  1422 | D:4      | Got an ancient spear {venom}
  1433 | D:4      | Identified the +8 spear of the Warrior {venom, -Tele rF++ Dex+3} (You took it off an orc on level 4 of the Dungeon)
  1684 | D:5      | Entered Level 5 of the Dungeon
  1835 | D:5      | Reached skill level 5 in Fighting
  1835 | D:5      | Reached XP level 8. HP: 68/68 MP: 9/9
  1954 | D:5      | Found a sand-covered staircase.
  1956 | D:5      | Noticed Menkaure
  1968 | D:5      | Killed Menkaure
  1981 | Ossuary  | Entered an ossuary
  2067 | Ossuary  | Reached skill level 7 in Maces & Flails
  2442 | D:5      | Reached skill level 8 in Maces & Flails
  2574 | D:6      | Reached XP level 9. HP: 58/76 MP: 7/10
  2657 | D:6      | Reached skill level 9 in Maces & Flails
  2891 | D:6      | Got a jewelled whip
  2897 | D:6      | Identified the +11 whip of Feuczeta {slash, rElec Dex+4} (You found it on level 6 of the Dungeon)
  2933 | D:6      | Noticed Sigmund
  3499 | D:7      | Reached skill level 10 in Maces & Flails
  3566 | D:7      | Found a staircase to the Ecumenical Temple.
  3591 | Temple   | Entered the Ecumenical Temple
  3605 | Temple   | Became a worshipper of Makhleb the Destroyer
  3665 | D:8      | Noticed loom's ghost (novice DrFE)
  3946 | D:8      | Reached * piety under Makhleb
  3954 | D:8      | Reached skill level 11 in Maces & Flails
  4011 | D:9      | Reached XP level 10. HP: 84/84 MP: 7/11
  4014 | D:9      | Found an iron altar of Okawaru.
  4437 | D:10     | Entered Level 10 of the Dungeon
  4725 | D:3      | Found a runed door.
  4730 | D:3      | Noticed Crazy Yiuf
  4734 | D:3      | Killed Crazy Yiuf
  4937 | D:10     | Reached skill level 12 in Maces & Flails
  4981 | D:10     | Found a staircase to the Orcish Mines.
  4998 | D:10     | Found Coqoc's Armour Shop.
  5028 | D:10     | Bought a +0 helmet of see invisible for 184 gold pieces
  5069 | D:10     | Noticed Snorg
  5157 | D:11     | Reached ** piety under Makhleb
  5274 | D:11     | Noticed a purple ugly thing
  5281 | D:11     | Killed a purple ugly thing
  5375 | D:11     | Reached skill level 1 in Evocations
  5443 | D:10     | Noticed an unseen horror
  5455 | D:10     | Killed an unseen horror
  5540 | D:10     | Noticed a manticore
  5572 | D:10     | Killed a manticore
  5572 | D:10     | Reached skill level 5 in Evocations
  5572 | D:10     | Reached XP level 11. HP: 45/91 MP: 8/13
  5649 | Orc:1    | Entered Level 1 of the Orcish Mines
  5649 | Orc:1    | Noticed Urug
  5649 | Orc:1    | Noticed an orc high priest
  5673 | D:10     | Noticed a two-headed ogre
  5762 | D:12     | Noticed a deep elf mage
  5793 | D:12     | Killed a deep elf mage
  5992 | D:12     | Noticed an unseen horror
  6003 | D:12     | Killed an unseen horror
  6003 | D:12     | Reached skill level 5 in Dodging
  6006 | D:12     | Noticed a cyclops
  6038 | D:12     | Killed a cyclops
  6086 | D:12     | Reached *** piety under Makhleb
  6306 | D:13     | Noticed a centaur warrior
  6318 | D:13     | Noticed a four-headed hydra
  6509 | D:13     | Learned a level 3 spell: Mephitic Cloud
  6734 | D:10     | Killed an orc high priest
  6852 | D:9      | Learned a level 4 spell: Passage of Golubria
  6942 | Orc:2    | Entered Level 2 of the Orcish Mines
  6942 | Orc:2    | Noticed an orc high priest
  6970 | Orc:1    | Killed an orc high priest
  7093 | Orc:2    | Noticed an orc sorcerer
  7095 | Orc:2    | Noticed skelma's ghost (journeyman DsBe)
  7135 | Orc:1    | Found a roughly hewn altar of Beogh.
  7215 | Orc:2    | Killed an orc sorcerer
  7215 | Orc:2    | Reached skill level 5 in Translocations
  7271 | Orc:2    | Killed skelma's ghost
  7271 | Orc:2    | Reached XP level 12. HP: 97/105 MP: 11/14
  7409 | Orc:2    | Found Immir's Antique Armour Boutique.
  7786 | Orc:2    | Noticed an orc high priest
  7813 | Orc:2    | Killed an orc high priest
  7915 | Orc:2    | Noticed an orc high priest
  7937 | Orc:2    | Noticed a sun demon
  8053 | Orc:2    | Killed an orc high priest
  8157 | Orc:2    | Noticed an orc high priest
  8172 | Orc:2    | Noticed a soul eater
  8393 | Orc:2    | Noticed a soul eater
  8409 | Orc:1    | Killed an orc high priest
  8538 | Orc:2    | HP: 5/105 [orc warrior/enchanted glaive (21)]
  8818 | Orc:1    | Reached skill level 1 in Air Magic
  9134 | Orc:2    | Noticed an orc high priest
  9144 | Orc:2    | Killed an orc high priest
  9154 | Orc:2    | Noticed an orc high priest
  9195 | Orc:2    | Killed an orc high priest
  9195 | Orc:2    | Reached skill level 1 in Conjurations
  9240 | Orc:2    | Found Gisim's Distillery.
  9240 | Orc:2    | Found Piut Judgh's Magic Scroll Emporium.
  9241 | Orc:2    | Found Viywuoq's Food Emporium.
  9241 | Orc:2    | Found Kysmaleu's Book Shoppe.
  9252 | Orc:2    | Bought a scroll of immolation for 63 gold pieces
  9252 | Orc:2    | Bought a scroll of summoning for 171 gold pieces
  9252 | Orc:2    | Bought a scroll of identify for 36 gold pieces
  9257 | Orc:2    | Bought a potion of agility for 52 gold pieces
  9257 | Orc:2    | Bought a potion of cancellation for 104 gold pieces
  9257 | Orc:2    | Bought a potion of might for 52 gold pieces
  9257 | Orc:2    | Bought a potion of ambrosia for 104 gold pieces
  9257 | Orc:2    | Bought 2 potions of heal wounds for 130 gold pieces
  9257 | Orc:2    | Bought a potion of haste for 130 gold pieces
  9385 | Orc:1    | Noticed Maurice
  9438 | Orc:2    | Killed Maurice
  9503 | Orc:1    | Noticed a two-headed ogre
  9522 | Orc:1    | Killed a two-headed ogre
  9595 | Orc:1    | Reached XP level 13. HP: 85/111 MP: 11/18
 10066 | D:8      | Found a staircase to the Lair.
 10103 | Lair:1   | Entered Level 1 of the Lair of Beasts
 10311 | Lair:2   | Reached skill level 5 in Spellcasting
 10320 | Lair:2   | Learned a level 4 spell: Animate Dead
 10380 | Lair:2   | Found a hole to the Spider Nest.
 10402 | Lair:2   | Reached skill level 1 in Necromancy
 10671 | Lair:3   | Reached **** piety under Makhleb
 10739 | Lair:3   | Found a dark tunnel.
 10771 | Volcano  | Entered a volcano
 10775 | Volcano  | Noticed soonmide's ghost (journeyman HuAr)
 10791 | Volcano  | Killed soonmide's ghost
 10816 | Volcano  | Reached skill level 5 in Necromancy
 10828 | Volcano  | Found a bloodstained altar of Trog.
 10855 | Volcano  | HP: 4/111 [salamander/spear (13)]
 10855 | Volcano  | Slain by a salamander

Vault maps used:
D:1:      dpeg_arrival_central, hangedman_abyss_or_decor_lesser_grid
D:3:      first_bread, uniq_grinder, uniq_crazy_yiuf_cottage
D:4:      hex_tiny, uniq_ijyb
D:5:      gup_ossuary_entry_pyramid, uniq_menkaure
D:6:      uniq_sigmund
D:7:      minmay_temple_entry_trees
D:8:      david_lair_shrubbed, hangedman_little_slice_of_home
D:9:      okawaru_ov_weapons_minmay
D:10:     orc_david_3, st_stairs_5, minmay_misc_feat_columns, uniq_snorg
D:13:     erik_vaults_2, minmay_misc_feat_plants, kennysheep_generic_room_13
Temple:   grunt_wide_crystal_templ
Lair:1:   grunt_megastairs_2
Lair:2:   spider_nest_entry_web_field, minmay_holes, uniq_gastronok
Lair:3:   nicolae_volcano_entry_lava_flow, beast_lair_carwin_1
Orc:1:    basic_altar, uniq_maurice, uniq_urug
Orc:2:    st_orc_pillars, serial_shops, shop
Ossuary:  ossuary_tomb_2
Volcano:  kennysheep_volcano_temple

Skill      XL: |  1  2  3  4  5  6  7  8  9 10 11 12 13 |
---------------+----------------------------------------+-----
Maces & Flails | 1 2 5 6 8 11 12 | 12.1
Fighting       | 5 6 9 |  9.4
Invocations    | 4 |  4.0
Evocations     | 5 |  5.1
Dodging        | 5 |  5.1
Translocations | 5 8 |  8.0
Spellcasting   | 2 4 5 |  5.1
Air Magic      | 3 |  3.2
Conjurations   | 4 |  4.8
Poison Magic   | 2 |  2.2
Necromancy     | 5 |  5.4
Throwing       | |  0.8
Armour         | |  0.8
Unarmed Combat | |  2.1

Action                   |  1- 3 |  4- 6 |  7- 9 | 10-12 | 13-15 || total
-------------------------+-------+-------+-------+-------+-------++-------
Melee: Unarmed           |    22 |       |       |       |       ||    22
       Whip              |    53 |    48 |   480 |   839 |   249 ||  1669
       Punch             |       |     3 |     2 |    10 |     4 ||    19
       Spear             |       |       |    68 |       |       ||    68
Throw: Tomahawk          |     2 |       |       |       |       ||     2
       Javelin           |       |       |       |    10 |     4 ||    14
 Cast: Shroud of Golubri |     2 |     4 |    29 |    67 |    21 ||   123
       Blink             |       |     1 |       |    30 |     3 ||    34
       Mephitic Cloud    |       |       |       |     7 |     5 ||    12
       Passage of Golubr |       |       |       |     6 |     3 ||     9
Invok: Lesser Servant of |       |       |       |    23 |     1 ||    24
Evoke: Wand              |       |     1 |     3 |    21 |     3 ||    28
  Use: Potion            |     1 |     3 |       |     5 |       ||     9
       Scroll            |     1 |       |     7 |    15 |     5 ||    28
 Stab: Invisible         |       |       |       |    14 |       ||    14
       Sleeping          |       |       |       |     1 |       ||     1
       Distracted        |       |       |       |     4 |       ||     4
       Confused          |       |       |       |     4 |     8 ||    12
  Eat: Chunk             |    10 |    10 |    40 |    95 |    13 ||   168
Armor: Leather armour    |    10 |     7 |    55 |    85 |    32 ||   189
       Ring mail         |       |       |    34 |       |       ||    34
       Robe              |       |       |       |    29 |       ||    29
Dodge: Dodged            |    48 |    29 |   152 |   392 |    71 ||   692

Table legend:
 A = Spawn XP
 B = Non-spawn XP
 C = Spawn XP percentage of total XP
 D = Spawn monster count
 E = Non-spawn monster count
 F = Spawn count percentage of total count
 G = Total turns spent on level
                    A         B        C        D         E        F      G
               +---------+---------+-------+---------+---------+-------+---------
         Total |       0 |   42171 |   0.0 |       0 |     426 |   0.0 | 10855
               +---------+---------+-------+---------+---------+-------+---------
           D:1 |       0 |       2 |   0.0 |       0 |       1 |   0.0 |   130
           D:2 |       0 |      53 |   0.0 |       0 |      13 |   0.0 |   553
           D:3 |       0 |     403 |   0.0 |       0 |       9 |   0.0 |   700
           D:4 |       0 |     563 |   0.0 |       0 |      24 |   0.0 |   498
           D:5 |       0 |     996 |   0.0 |       0 |      31 |   0.0 |   979
           D:6 |       0 |     899 |   0.0 |       0 |      26 |   0.0 |   570
           D:7 |       0 |     339 |   0.0 |       0 |       8 |   0.0 |   336
           D:8 |       0 |    1525 |   0.0 |       0 |      27 |   0.0 |   378
           D:9 |       0 |     807 |   0.0 |       0 |      14 |   0.0 |   552
          D:10 |       0 |    3555 |   0.0 |       0 |      29 |   0.0 |   809
          D:11 |       0 |    2263 |   0.0 |       0 |      14 |   0.0 |   539
          D:12 |       0 |    3741 |   0.0 |       0 |      37 |   0.0 |   610
          D:13 |       0 |    1096 |   0.0 |       0 |       8 |   0.0 |   323
        Lair:1 |       0 |    1531 |   0.0 |       0 |       8 |   0.0 |   157
        Lair:2 |       0 |     732 |   0.0 |       0 |       5 |   0.0 |   166
        Lair:3 |       0 |    4224 |   0.0 |       0 |      19 |   0.0 |   336
         Orc:1 |       0 |    6205 |   0.0 |       0 |      45 |   0.0 |  1301
         Orc:2 |       0 |   10854 |   0.0 |       0 |      75 |   0.0 |  1544
       Ossuary |       0 |     465 |   0.0 |       0 |      30 |   0.0 |   264
       Volcano |       0 |    1918 |   0.0 |       0 |       3 |   0.0 |    84
               +---------+---------+-------+---------+---------+-------+---------
